 Dungeon Crawl Stone Soup version 0.31-a0-667-g39726597b9 (webtiles) character file.

Game seed: 16685148845459053111

41 DarkabusHale the Shield-Bearer (level 3, -2/29 HPs)
             Began as a Formicid Fighter on Sept 4, 2023.
             Slain by a gnoll
             ... wielding a +0 whip
              (6 damage)
             ... on level 1 of the Dungeon.
             The game lasted 00:02:44 (1214 turns).

DarkabusHale the Shield-Bearer (Formicid Fighter)   Turns: 1214, Time: 00:02:44

Health: -2/29      AC: 15    Str: 20    XL:     3   Next: 75%
Magic:  3/3        EV:  7    Int:  7    God:
Gold:   59         SH:  5    Dex: 15    Spells: 2/2 levels left

rFire   . . .        a - +0 flail
rCold   . . .        c - +0 buckler
rNeg    . . .        g - +0 chain mail
rPois   .            (helmet unavailable)
rElec   .            (no cloak)
rCorr   .            (no gloves)
SInv    +            f - +1 pair of boots
Will    .....        (no amulet) Stlth
                     i - +4 ring of protection
HPRegen 0.24/turn    (no ring)
MPRegen 0.08/turn

%: no passive effects
@: no status effects
A: permanent stasis, dig shafts and tunnels, antennae 3, four strong arms
a: Dig, Shaft Self


You were on level 1 of the Dungeon.
You visited 1 branch of the dungeon, and saw 2 of its levels.

You collected 59 gold pieces.

Inventory:

Hand Weapons
 a - a +0 flail (weapon)
Armour
 c - a +0 buckler (worn)
 f - a +1 pair of boots (worn)
 g - a +0 chain mail (worn)
Jewellery
 i - a +4 ring of protection (left hand)
Scrolls
 e - a scroll of immolation {unknown}
 h - a scroll of blinking {unknown}
Potions
 b - a potion of attraction {unknown}
 d - a potion of might


   Skills:
 + Level 3.6 Fighting
 * Level 2.9 Maces & Flails
 + Level 3.6 Armour
 + Level 4.4 Shields


You had 2 spell levels left.
You didn't know any spells.
Your spell library contained the following spells:

 Spells                   Type           Power      Damage    Failure   Level
 Static Discharge         Conj/Air       0%         2-2/arc   100%        2
 Airstrike                Air            0%         2d(0-16)  100%        4
 Summon Lightning Spire   Summ/Air       0%         N/A       100%        4


Dungeon Overview and Level Annotations

Branches:
Dungeon (2/15)

Altars:


Innate Abilities, Weirdness & Mutations

You cannot be hasted, slowed, berserked, paralysed or teleported.
You can dig through walls and to a lower floor.
You have a pair of large antennae on your head. (SInv)
Your four strong arms can wield two-handed weapons with a shield.


Message History

The gnoll hits you but does no damage.
The endoplasm attacks as it pursues you!
The endoplasm hits you but does no damage.
The endoplasm attacks as it pursues you!
The endoplasm hits you but does no damage.
You hit the endoplasm.
The endoplasm is heavily wounded.
The endoplasm freezes you.
You are frozen.
* * * LOW HITPOINT WARNING * * *
You hit the endoplasm.
You kill the endoplasm!
You hit the gnoll.
The gnoll is moderately wounded.
The gnoll hits you but does no damage. The gnoll hits you with a +0 whip.
* * * LOW HITPOINT WARNING * * *
You barely miss the gnoll.
The gnoll is moderately wounded.
The gnoll hits you but does no damage.
You hit the gnoll.
The gnoll is moderately wounded.
The gnoll hits you with a +0 whip.
* * * LOW HITPOINT WARNING * * *
You hit the gnoll.
The gnoll is moderately wounded.
The gnoll hits you but does no damage.
You closely miss the gnoll.
The gnoll is moderately wounded.
The gnoll hits you with a +0 whip.
* * * LOW HITPOINT WARNING * * *
You hit the gnoll.
The gnoll is severely wounded.
You block the gnoll's attack. The gnoll hits you but does no damage.
You hit the gnoll.
The gnoll is severely wounded.
The gnoll completely misses you.
You barely miss the gnoll.
The gnoll is severely wounded.
The gnoll hits you with a +0 whip.
You die...

#.......)..........#
#.###.###########..####
#.###.#...............#
#.#.............#.###.####
#.#.#.#.#..[.....)........
#.#.#.#.#.######..###.####
#.#.#.#.#.#.......###.####
#.#.#.#.#.#.#.#...........
#.#.#.#.#@#........#......
#.#.#.#.#g#.#.#....#....##
#.#.#.#.#g#.....#.........
#.#.#.#.#.###...#....##.##
#.#.#.#.#(...........##.##
#...#.#.#...............#.
#####.#.#....†>...........
#.#.#.................
#.#.#.#.)..#.....#.[#.


You could see 2 gnolls.

Vanquished Creatures
  2 dart slugs (D:1)
  4 endoplasms (D:1)
  2 giant cockroaches (D:1)
  7 goblins
  A hobgoblin (D:1)
  A quokka (D:1)
  6 ball pythons
  3 bats (D:1)
  5 frilled lizards
  2 kobolds (D:1)
  6 rats
39 creatures vanquished.

Notes
Turn   | Place    | Note
-------+----------+-------------------------------------------
     0 | D:1      | DarkabusHale the Formicid Fighter began the quest for the
                  | Orb.
     0 | D:1      | Reached XP level 1. HP: 18/18 MP: 1/1
   128 | D:1      | Reached XP level 2. HP: 24/24 MP: 2/2
   573 | D:1      | Reached XP level 3. HP: 29/29 MP: 3/3
   625 | D:1      | Found a faded altar of an unknown god.
   625 | D:1      | Noticed a hellion
  1214 | D:1      | Slain by a gnoll

Illustrated notes

Levels and vault maps discovered:
D:1:      roderic_crossed_star, layout_basic,
          dreamdust_ecumenical_altar_sealed_demon
D:2:      layout_rooms, serial_forest, infiniplex_forest_end_1,
          infiniplex_forest_clump_long, infiniplex_forest_lined_room_,
          infiniplex_forest_straight_2, infiniplex_forest_lined_3,
          infiniplex_forest_clump_small, infiniplex_forest_straight_2,
          uniq_sigmund, uniq_jessica

Action                     || total
---------------------------++-------
  Melee: Flail             ||   111
 Armour: Scale mail        ||    30
         Chain mail        ||    59
  Dodge: Dodged            ||    40
  Block: Buckler           ||    34

Table legend: (Time is in decaauts)
 A = Elapsed time spent in this place.
 B = Non-inter-level travel time spent in this place.
 C = Inter-level travel time spent in this place.
 D = Time resting spent in this place.
 E = Time spent auto-exploring this place.
 F = Levels seen in this place.
 G = Mean time per level.
                   A        B        C        D        E       F      G
               +--------+--------+--------+--------+--------+-----+--------+
         Total |   1247 |   1232 |     15 |     57 |    849 |   2 |  623.5 |
       Dungeon |   1247 |   1232 |     15 |     57 |    849 |   2 |  623.5 |
               +--------+--------+--------+--------+--------+-----+--------+

Top non-repeatable levels by time:
     D:1: 1133 daAuts
     D:2: 113 daAuts
